 Dungeon Crawl Stone Soup version 0.29.0-4-gdea44cf6ec (webtiles) character file.

Game seed: 11781495316419648514

80 sentinel the Digger (level 4, 0/33 HPs)
             Began as a Meteoran Earth Elementalist on Aug 27, 2022.
             Slain by a bat (1 damage)
             ... on level 3 of the Dungeon.
             The game lasted 00:03:28 (239 turns).

sentinel the Digger (Meteoran Earth Elementalist)    Turns: 239, Time: 00:03:29

Health: 0/33       AC:  2    Str:  9    XL:     4   Next: 98%
Magic:  6/9        EV: 12    Int: 18    God:
Gold:   19         SH:  0    Dex: 15    Spells: 2/8 levels left

rFire   . . .      SeeInvis .   (no weapon)
rCold   . . .      Faith    .   (no shield)
rNeg    . . .      Spirit   .   a - +0 robe
rPois   .          Reflect  .   (no helmet)
rElec   .          Harm     .   (no cloak)
rCorr   .          Rampage  .   (no gloves)
Will    .....                   (no boots)
Stlth   +.........              (no amulet)
HPRegen 0.11/turn               (no ring)
MPRegen 0.11/turn               (no ring)

@: glowing
A: sense surroundings 1, otherworldly, glowing, explore regen
a: no special abilities


You were on level 3 of the Dungeon.
You visited 1 branch of the dungeon, and saw 3 of its levels.

You collected 19 gold pieces.

Inventory:

Armour
 a - a +0 robe (worn)
Potions
 b - a potion of magic


   Skills:
 - Level 2.4 Dodging
 - Level 1.4 Stealth
 - Level 2.6 Spellcasting
 * Level 1.8 Conjurations
 - Level 1.2 Transmutations
 + Level 5.7 Earth Magic


You had 2 spell levels left.
You knew the following spells:

 Your Spells              Type           Power      Damage    Failure   Level
a - Sandblast             Erth           46%        2d11      1%          1
b - Stone Arrow           Conj/Erth      32%        3d9       11%         3
c - Passwall              Tmut/Erth      11%        N/A       6%          2

Your spell library contained the following spells:

 Spells                   Type           Power      Damage    Failure   Level
 Petrify                  Tmut/Erth      14%        N/A       38%         4


Dungeon Overview and Level Annotations

Branches:
Dungeon (3/15) Zot: 1538

Altars:

Shops:
D:1 (   D:3 [

Annotations:
D:3 Grinder


Innate Abilities, Weirdness & Mutations

You passively map a small area around you.
You are easily found by Zot.
You glow in the dark.
You regain HP and MP as you explore.


Message History

Things that are here:
a +0 club; a +0 ring mail
Found a hand axe.
There is a stone staircase leading up here.
You climb upwards.
There is a stone staircase leading down here.
You climb downwards.
There is a stone staircase leading up here.
An adder comes into view.
The adder hisses angrily.
You see here a scroll labelled DEVUME QUYLL.
c - a scroll labelled DEVUME QUYLL The blast of sand hits the adder.
The adder is moderately wounded.
The blast of sand hits the adder!
You kill the adder!
You have reached level 4!
This spell is quite dangerous to cast!
Memorise Stone Arrow, consuming 3 spell levels and leaving 2?
You start memorising the spell.
You continue memorising. x3
You finish memorising.
Spell assigned to 'b'.
There is an escape hatch in the floor here.
There is an escape hatch in the floor here.
You slide downwards.
The hatch slams shut behind you.
HP restored.
An endoplasm comes into view.
Found a glowing hand axe.
The orc shouts! x2
The kobold throws a stone.
The stone hits you. The endoplasm hits you.
The endoplasm hits you but does no damage.
The kobold throws a stone.
The stone misses you. The endoplasm freezes you.
You are frozen.
You see here a +0 vorpal hand axe.
The blast of sand hits the endoplasm!
You kill the endoplasm!
You can't see any susceptible monsters within range! (Use Z to cast anyway.)
The blast of sand hits the orc.
You kill the orc!
The orc priest looks encouraged for a moment.
The orc shouts!
An endoplasm comes into view.
The orc priest looks encouraged for a moment.
The blast of sand hits the orc!
You kill the orc!
Found a viscous dark potion.
The blast of sand misses the kobold.
The kobold throws a stone.
The stone barely misses you.
The kobold throws a stone.
The stone closely misses you.
The blast of sand hits the kobold.
You kill the kobold!
The kobold throws a stone.
The stone hits you but does no damage.
Casting: Sandblast (safe; 1% risk of failure)
Confirm with . or Enter, or press ? or * to list all spells.
Aiming: Sandblast (safe; 1% risk of failure)
Press: ? - help, Shift-Dir - straight line, f - orc priest
Aim: an orc priest, wielding a +0 war axe and wearing a +0 ring mail (85% to hit)
Okay, then.
The blast of sand hits the orc priest!
The orc priest is heavily wounded.
The orc priest begins to cast a cantrip, but forgets the words!
The kobold throws a stone.
The stone hits you but does no damage.
The blast of sand hits the orc priest but does no damage.
The orc priest is heavily wounded.
The blast of sand hits the orc priest but does no damage.
The orc priest is heavily wounded.
The orc priest hits you with a +0 war axe.
The kobold throws a stone.
The stone barely misses you. The orc priest misses you.
The blast of sand hits the orc priest but does no damage.
The orc priest is heavily wounded.
The orc priest closely misses you. The kobold hits you with a +0 dagger.
The blast of sand hits the orc priest.
The orc priest is almost dead.
A bat comes into view.
The orc priest mumbles some strange prayers to Beogh against you.
Beogh smites you! The kobold hits you with a +0 dagger.
The orc priest hits you with a +0 war axe.
The orc hits you but does no damage. The kobold hits you with a +0 dagger.
You are too injured to fight recklessly!
Casting: Sandblast (safe; 1% risk of failure)
Confirm with . or Enter, or press ? or * to list all spells.
Aiming: Sandblast (safe; 1% risk of failure)
Press: ? - help, Shift-Dir - straight line, f/p - orc priest
Aim: an orc priest, wielding a +0 war axe and wearing a +0 ring mail (almost dead, 85% to hit)
The blast of sand hits the orc priest.
You kill the orc priest!
The orc hits you with a +0 falchion.
* * * LOW HITPOINT WARNING * * *
The kobold closely misses you.
Your Conjurations skill increases to level 1!
The endoplasm attacks as you move away!
The endoplasm hits you but does no damage.
The bat hits you.
* * * LOW HITPOINT WARNING * * *
The orc closely misses you. The endoplasm attacks as you move away!
The endoplasm closely misses you. The bat hits you.
* * * LOW HITPOINT WARNING * * *
The bat hits you.
* * * LOW HITPOINT WARNING * * *
The bat barely misses you.
HP warning!
The bat hits you.
* * * LOW HITPOINT WARNING * * *
HP warning!
The bat attacks as you move away! The bat closely misses you.
The bat misses you.
HP warning!
Found Maoloat's Antique Armour Emporium.
The bat hits you but does no damage. The bat attacks as you move away!
The bat hits you but does no damage. x3
The bat closely misses you.
Found 8 gold pieces and a scroll labelled OZUHAS WERA.
The bat barely misses you.
Grinder comes into view.
Grinder shouts!
The bat hits you but does no damage. Grinder gestures at you.
You suddenly lose the ability to move!
The bat hits you but does no damage.
You can move again.
Unknown command.
As you read the scroll labelled DEVUME QUYLL, it crumbles to dust.
It is a scroll of identify.
You don't have any unidentified items.
The bat hits you. The orc misses you.
Okay, then.
You aren't carrying any items that you can evoke.
Unknown command.
The orc attacks as you move away! The orc hits you with a +0 falchion.
* * * LOW HITPOINT WARNING * * *
The bat hits you but does no damage. The bat hits you.
* * * LOW HITPOINT WARNING * * *
The bat hits you but does no damage. The bat attacks as you move away!
The bat closely misses you. The bat hits you but does no damage.
The bat hits you.
* * * LOW HITPOINT WARNING * * *
The bat hits you but does no damage. The kobold hits you with a +0 dagger.
* * * LOW HITPOINT WARNING * * *
The kobold hits you with a +0 dagger.
* * * LOW HITPOINT WARNING * * *
The bat hits you.
* * * LOW HITPOINT WARNING * * *
HP warning!
The orc attacks as you move away! The orc hits you with a +0 club.
* * * LOW HITPOINT WARNING * * *
The bat hits you.
You die...

* #........... , *
###........# * ##.K......
###J....K. ##.o....##.
###.)####....
#####....#.......
##...).)###.......
########@.###..##........
#......b.####)###....<...
#...#o#Ko#.....)....!...#
#....∩5Jo#.#.####.......#
#...#.#.................#
#.$.......########......#
#........## ......#
#........# *..!...#
#........# *#####.#


You could see Grinder, 3 orcs, an endoplasm, a bat and a kobold.

Vanquished Creatures
  An orc priest (D:3)
  2 adders (D:2)
  3 orcs
  2 ball pythons
  A bat (D:1)
  5 endoplasms
  A goblin (D:3)
  A hobgoblin (D:2)
  7 jackals
  A quokka (D:2)
  A frilled lizard (D:2)
  A kobold (D:3)
  A rat (D:2)
27 creatures vanquished.

Notes
Turn   | Place    | Note
-------+----------+-------------------------------------------
     0 | D:1      | sentinel the Meteoran Earth Elementalist began the quest
                  | for the Orb.
     0 | D:1      | Reached XP level 1. HP: 14/14 MP: 5/5
    12 | D:1      | Reached skill level 4 in Earth Magic
    13 | D:1      | Reached XP level 2. HP: 16/20 MP: 1/6
    18 | D:1      | Learned a level 2 spell: Passwall
    62 | D:1      | Found Nezobeomoo's Antique Weapon Shop.
   117 | D:2      | Reached XP level 3. HP: 14/26 MP: 4/8
   127 | D:2      | Reached skill level 5 in Earth Magic
   183 | D:2      | Reached XP level 4. HP: 28/33 MP: 6/9
   187 | D:2      | Learned a level 3 spell: Stone Arrow
   222 | D:3      | Reached skill level 1 in Conjurations
   227 | D:3      | Found Maoloat's Antique Armour Emporium.
   231 | D:3      | Noticed Grinder
   231 | D:3      | Paralysed by Grinder for 2 turns
   239 | D:3      | HP: 1/33 [orc/+0 club (3)]
   239 | D:3      | Slain by a bat

Illustrated notes

Levels and vault maps discovered:
D:1:      dpeg_arrival_rooms_c, layout_loops_ring,
          shapermc_ecumenical_altar_rom_forum, serial_shops,
          nicolae_shop_crystal, nicolae_shop_behind_doors, shop, shop,
          corexii_corridor_pit, chequers_serial_rivers_micro_e
D:2:      layout_rooms, serial_shops, shop
D:3:      cheibrodos_pilgrimage, layout_rooms, serial_shops,
          nicolae_shop_crystal, uniq_grinder

Skill      XL: |  1  2  3  4 |
---------------+-------------+-----
Earth Magic    | 4 5 |  5.7
Conjurations   | 1 |  1.8
Dodging        | |  2.4
Stealth        | |  1.4
Spellcasting   | |  2.6
Transmutations | |  1.2

Action                   |  1- 3 |  4- 6 || total
-------------------------+-------+-------++-------
Melee: Unarmed           |     5 |       ||     5
 Cast: Sandblast         |    33 |    11 ||    44
       Passwall          |     4 |       ||     4
  Use: Potion            |     1 |       ||     1
       Scroll            |       |     1 ||     1
Armor: Robe              |     7 |    15 ||    22
Dodge: Dodged            |    34 |    16 ||    50
